 Dungeon Crawl Stone Soup version 0.19-a0-1238-gee6bd96 (webtiles) character file.

228 st0uf the Shield-Bearer (level 6, -2/39 HPs)
             Began as a Gargoyle Fighter on Aug 26, 2016.
             Slain by Vasilisck's ghost (12 damage)
             ... on level 3 of the Dungeon.
             The game lasted 00:07:40 (1957 turns).

st0uf the Shield-Bearer (Gargoyle Fighter)          Turns: 1957, Time: 00:07:41

Health: -2/39      AC: 18    Str: 21    XL:     6   Next: 2%
Magic:  6/6        EV:  4    Int:  9    God:
Gold:   117        SH:  9    Dex:  9    Spells: 0 memorised, 5 levels left

rFire  . . .     SeeInvis .     a - +0 flail
rCold  . . .     Gourm    .     n - +0 plate armour
rNeg   + . .     Faith    .     c - +0 shield
rPois  ∞         Spirit   .     w - +1 helmet
rElec  +         Dismiss  .     (no cloak)
rCorr  .         Reflect  .     (no gloves)
MR     .....     Harm     +     (no boots)
Stlth  ..........               b - amulet of harm
                                (no ring)
                                s - ring of flight

@: no status effects
A: negative energy resistance 1, electricity resistance, unbreathing,
petrification resistance, rot immunity, AC +4
a: Evoke Flight


You were on level 3 of the Dungeon.
You were not hungry.

You visited 1 branch of the dungeon, and saw 3 of its levels.

You collected 117 gold pieces.

Inventory:

Hand Weapons
 a - a +0 flail (weapon)
Missiles
 m - 51 arrows
Armour
 c - a +0 shield (worn)
 n - a +0 plate armour (worn)
 w - a +1 helmet (worn)
Jewellery
 b - an amulet of harm (around neck)
 s - a ring of flight (left hand)
Scrolls
 g - a scroll of teleportation {unknown}
 i - a scroll of remove curse
 p - 2 scrolls of recharging {unknown}
 q - a scroll of random uselessness {unknown}
 t - a scroll of enchant weapon {unknown}
 v - 2 scrolls of fear {unknown}
Potions
 d - a potion of might
 e - a potion of agility {unknown}
 h - a potion of resistance {unknown}
 j - a potion of flight {unknown}
 k - a potion of magic
 l - 5 potions of curing
Comestibles
 f - 3 bread rations
 o - 2 beef jerkies
 r - a meat ration
 u - a royal jelly
 x - 3 chunks of flesh


   Skills:
 + Level 4.3 Fighting
 + Level 3.6 Maces & Flails
 + Level 4.2 Armour
 + Level 0.5 Stealth
 + Level 4.7 Shields


You had 5 spell levels left.
You didn't know any spells.

Dungeon Overview and Level Annotations

Branches:
Dungeon (3/15)

Altars:
Nemelex Xobeh
Qazlal

Annotations:
D:3 Vasilisck's ghost, amateur MiFi


Innate Abilities, Weirdness & Mutations

You are resistant to torment.
Your stone body is resilient. (AC +4)
You are immune to poison.
You resist negative energy. (rN+)
You are resistant to electric shocks. (rElec)
You can survive without breathing.
You are immune to petrification.
You are immune to rotting.


Message History

Vasilisck's ghost is heavily damaged.
Vasilisck's ghost hits you but does no damage.
You hit Vasilisck's ghost.
Vasilisck's ghost is heavily damaged.
Vasilisck's ghost hits you but does no damage.
Vasilisck's ghost hits you.
* * * LOW HITPOINT WARNING * * *
You barely miss Vasilisck's ghost.
Vasilisck's ghost is heavily damaged.
You block Vasilisck's ghost's attack.
You hit Vasilisck's ghost but do no damage.
Vasilisck's ghost is heavily damaged.
Vasilisck's ghost hits you but does no damage.
You barely miss Vasilisck's ghost.
Vasilisck's ghost is heavily damaged.
Vasilisck's ghost hits you but does no damage.
You hit Vasilisck's ghost but do no damage.
Vasilisck's ghost is heavily damaged.
Vasilisck's ghost hits you!
You die...

##....# ####...###.#
#.#
......##.........#+#+##
#.##
.....###.........†....#
.... ##...#
#..............# #.##
##### #..............#
#.#. #.........#+#+##
#.###.#. #........)#
#....... #.........#
#####.#. ........@#
#.## .......W# #.#.
###...... #.#. #.......
#.#. #........ #.#(
#......... #.#.
#.......... #######.#.
#...........#.........
###.......#.


You could see Vasilisck's ghost.

Vanquished Creatures
  A black bear (D:3)
  4 gnolls
  4 adders
  A worm (D:2)
  3 dart slugs
  2 giant geckos (D:1)
  5 giant cockroaches
  A goblin (D:2)
  8 hobgoblins
  2 jackals (D:3)
  2 quokkas (D:3)
  6 bats
  4 giant newts
  5 kobolds
  8 rats
56 creatures vanquished.

Notes
Turn   | Place    | Note
-------+----------+-------------------------------------------
     0 | D:1      | st0uf the Gargoyle Fighter began the quest for the Orb.
     0 | D:1      | Reached XP level 1. HP: 14/14 MP: 1/1
    69 | D:1      | Reached XP level 2. HP: 14/19 MP: 2/2
   538 | D:2      | Reached XP level 3. HP: 23/23 MP: 3/3
   556 | D:2      | Found a stormy altar of Qazlal.
   652 | D:2      | Found a sparkling altar of Nemelex Xobeh.
  1040 | D:1      | Reached XP level 4. HP: 28/29 MP: 4/4
  1585 | D:3      | Reached XP level 5. HP: 26/33 MP: 5/5
  1802 | D:3      | Noticed a black bear
  1823 | D:3      | Killed a black bear
  1823 | D:3      | Reached XP level 6. HP: 25/39 MP: 6/6
  1932 | D:3      | Noticed Vasilisck's ghost (amateur MiFi)
  1957 | D:3      | Slain by Vasilisck's ghost

Vault maps used:
D:1:      evilmike_arrival_fibonacci_small, minmay_misc_feat_plants
D:2:      nicolae_overflow_crystal_walls, nemelex_xobeh_ov_fountains_minmay

Skill      XL: |  1  2  3  4  5 |
---------------+----------------+-----
Maces & Flails | 3 |  3.6
Fighting       | 4 |  4.3
Shields        | 4 |  4.7
Armour         | 4 |  4.2
Stealth        | |  0.5

Action                   |  1- 3 |  4- 6 || total
-------------------------+-------+-------++-------
Melee: Flail             |   135 |   123 ||   258
  Use: Scroll            |     3 |       ||     3
  Eat: Chunk             |       |     4 ||     4
Armor: Scale mail        |    19 |       ||    19
       Plate armour      |    63 |   103 ||   166
Dodge: Dodged            |    25 |    15 ||    40
Block: Shield            |    63 |    69 ||   132
